cohdb
Replays
Latest Replays
All Replays
Popular Replays
Top Player Replays
Match Explorer
How It Works
Community
CoH3 Stats
Reddit
Sign in to upload your games and track your stats! →
Sign in with Steam
Match 44001177
Unlisted
Match 44001177
Overview
Messages
Build Orders
End
Construct Infanterie Kompanie
Kettenkrad Recon Vehicle
Grenadier Squad
MG 42 Machine Gun Team
GrW 34 Mortar Team
Grenadier Squad
MG 42 Machine Gun Team
Medical Station
Construct Luftwaffe Kompanie
Selects Mechanized Battlegroup
Selects Spotting Scopes
Jäger Squad
Jäger Squad
Selects Wespe Self-propelled Artillery
Infanterie Officer Quarters
Luftwaffe Officer Quarters
Support Elements
Selects Zeroing Artillery Barrage
Wirbelwind Flakpanzer
Zeroing Artillery Barrage
Selects Raid Package
Wespe Self-propelled Artillery
Zeroing Artillery Barrage
Oncle-Hô
Stabvil
XavRS
Prowley
0
0
Comments
sign in to comment!
No comments posted yet!